 Dungeon Crawl Stone Soup version 0.19-a0-1676-g39ae8cc (webtiles) character file.

37937 4thArraOfDagon the Brawler (level 13, 0/124 HPs)
             Began as a Troll Wanderer on Sept 23, 2016.
             Was a Priest of Qazlal.
             Slain by a blink frog (7 damage)
             ... on level 6 of the Lair of Beasts.
             The game lasted 00:42:21 (8451 turns).

4thArraOfDagon the Brawler (Troll Wanderer)         Turns: 8451, Time: 00:42:22

Health: 0/124      AC:  7    Str: 20    XL:     13   Next: 61%
Magic:  4/17       EV: 18    Int: 14    God:    Qazlal [***...]
Gold:   307        SH:  4    Dex: 13    Spells: 4 memorised, 5 levels left

rFire  . . .     SeeInvis .       - Unarmed
rCold  + . .     Gourm    +     A - +2 robe {rC+}
rNeg   . . .     Faith    +     (no shield)
rPois  +         Spirit   .     (helmet restricted)
rElec  .         Dismiss  .     (no cloak)
rCorr  .         Reflect  .     (gloves unavailable)
MR     ++...     Harm     .     (boots unavailable)
Stlth  +.........               n - amulet of faith
                                (no ring)
                                g - ring of poison resistance

@: agile
A: unfitting armour, claws 3, hooves 1, horns 1, fast metabolism 3, gourmand,
magic resistance 2, regeneration 1, shaggy fur 1, tough skin 2, weak 1
a: Upheaval, Elemental Force, Renounce Religion


You were on level 6 of the Lair of Beasts.
You worshipped Qazlal.
Qazlal was most pleased with you.
You were full.

You visited 4 branches of the dungeon, and saw 23 of its levels.
You also visited: Ossuary and Volcano.

You collected 1759 gold pieces.
You spent 1452 gold pieces at shops.

Inventory:

Hand Weapons
 a - a +2 spear
 r - a +0 blowgun
 J - a +0 giant spiked club
Missiles
 s - 3 curare-tipped needles
 K - 13 large rocks (quivered)
Armour
 d - a +0 robe
 m - a +2 robe of cold resistance
 o - a +0 robe of magic resistance
 A - a +2 robe of cold resistance (worn)
 P - a +1 robe of magic resistance
 R - a +2 robe of magic resistance
 S - a +0 robe of resistance
 T - a +2 robe of magic resistance
Magical Staves
 i - an uncursed staff of cold
Jewellery
 g - a ring of poison resistance (left claw)
 n - an amulet of faith (around neck)
Wands
 l - a wand of paralysis (3/24)
 p - a wand of flame (24/48)
 t - a wand of flame (16/48)
 x - a wand of iceblast (5/15)
 z - a wand of teleportation (7/9)
 C - a wand of acid (3/15)
 E - a wand of lightning (9/15)
 V - a wand of digging (1/24)
Scrolls
 h - 6 scrolls of remove curse
 u - 2 scrolls of enchant armour
 v - a scroll of vulnerability
 G - a scroll of summoning
 I - 2 scrolls of silence
 O - a scroll of fear
Potions
 e - 2 potions of curing
 j - a potion of invisibility
 k - a potion of agility
 w - 2 potions of might {unknown}
 B - 3 potions of flight {unknown}
 D - a potion of berserk rage {unknown}
 F - 2 potions of resistance
 H - 2 potions of degeneration
 L - a potion of ambrosia
 W - a potion of magic {unknown}
Books
 c - the Compendium of Earth

   Spells                             Type                      Level
   a - Sandblast                      Earth                        1
   b - Stone Arrow                    Conjuration/Earth            3
 Q - a book of the Earth

   Spells                             Type                      Level
   a - Leda's Liquefaction            Hexes/Earth                  4
   b - Bolt of Magma                  Conjuration/Fire/Earth       5
   c - Statue Form                    Transmutation/Earth          6
   d - Iron Shot                      Conjuration/Earth            6
   e - Shatter                        Earth                        9
 U - a book of Enchantments

   Spells                             Type                      Level
   a - Cause Fear                     Hexes                        4
   b - Yara's Violent Unravelling     Hexes/Transmutation          5
   c - Silence                        Hexes/Air                    5
   d - Deflect Missiles               Charms/Air                   6
   e - Haste                          Charms                       6
   f - Discord                        Hexes                        8
Miscellaneous
 N - a fan of gales
Comestibles
 b - 4 chunks of flesh
 f - 6 bread rations
 q - 3 meat rations


   Skills:
 - Level 7.0 Fighting
 - Level 2.4 Polearms
 - Level 1.0 Throwing
 - Level 6.2 Dodging
 - Level 15.0 Unarmed Combat
 + Level 3.3 Spellcasting
   Level 1.0 Necromancy
 * Level 5.7 Transmutations
 * Level 6.9 Earth Magic
 - Level 7.1 Invocations
 - Level 1.0 Evocations


You had 5 spell levels left.
You knew the following spells:

 Your Spells              Type           Power        Failure   Level  Hunger
a - Apportation           Tloc           #.........   24%         1    #......
b - Passwall              Tmut/Erth      ###.......   2%          2    ##.....
c - Passage of Golubria   Tloc           N/A          99%         4    #####..
d - Statue Form           Tmut/Erth      ###......    99%         6    #######


Dungeon Overview and Level Annotations

Branches:
Dungeon (14/15)            Temple (1/1) D:5            Lair (6/6) D:11
 Shoals (0/4) Lair:3       Spider (0/4) Lair:4          Orc (2/2) D:9
    Elf (0/3) Orc:2
  Slime: Lair:5-6    Vaults: D:13-14

Altars:
Fedhas
Gozag
Hepliaklqana
Kikubaaqudgha
Makhleb
Qazlal
Sif Muna
Uskayaw
Vehumet
Zin
Beogh

Shops:
D:9 *[[*[*   Orc:1 :   Orc:2 !:(}

Annotations:
Orc:1 Snorg


Innate Abilities, Weirdness & Mutations

You are too large for most types of armour.
You have claws for hands.
Your metabolism is lightning-fast.
You like to eat raw meat.
Your natural rate of healing is unusually fast.
You are covered in fur. (AC +1)
You have very tough skin. (AC +2)
You have large cloven feet.
You have a pair of small horns on your head.
You are highly resistant to hostile enchantments. (MR++)
You are weak. (Str -2)


Message History

Unknown command.
You closely miss the blink frog.
You hear a distant "Zot"!
The blink frog hits you!
* * * LOW HITPOINT WARNING * * *
Unknown command.
Unknown command.
You miss the blink frog. Your kick misses the blink frog.
You headbutt the blink frog!
The blink frog is moderately wounded.
The blink frog hits you!
* * * LOW HITPOINT WARNING * * *
Unknown command.
Unknown command.
You feel better.
You hear a bleat!
The blink frog hits you!
* * * LOW HITPOINT WARNING * * *
The blink frog hits you!
You die...

##†......F.
##..##..#...
##.### .##
.. ##.## ##
# ##.##
##.## ##F##
##F## #@##
###


You could see 2 blink frogs.

Vanquished Creatures
  Josephine (Orc:2)
  The ghost of khekkus the Destroyer, a journeyman HECj of Vehumet (Lair:2)
  A hydra (Lair:4)
  The ghost of zkyp the Basher, a journeyman OpFi of Gozag (D:10)
  2 ogre magi (Orc:2)
  An orc high priest (Orc:1)
  Nergalle (Lair:1)
  2 unseen horrors
  An orc knight (D:9)
  3 hill giants
  2 lindwurms
  9 orc sorcerers
  2 ugly things
  3 cyclopes
  2 elephants (Lair:6)
  2 manticores
  A black mamba (Lair:6)
  2 gargoyles (Volcano)
  2 molten gargoyles (Volcano)
  A spiny frog (Lair:2)
  2 rime drakes
  4 komodo dragons
  A redback zombie (D:13)
  3 jumping spiders (Lair:4)
  3 trolls
  A two-headed ogre (D:11)
  2 slime creatures (D:13)
  7 hippogriffs
  4 redbacks (Lair:4)
  A shadow (D:11)
  8 wraiths
  11 yaks
  A basilisk (D:11)
  A basilisk (shapeshifter) (D:13)
  2 wyverns
  2 steam dragons
  2 wargs
  3 porcupines
  5 water moccasins
  A sky beast (D:11)
  6 ice beasts
  2 eyes of draining
  18 orc warriors
  11 ogres
  4 wolves (Lair:6)
  4 centaurs
  4 crocodiles
  3 big kobolds (D:8)
  14 bullfrogs
  A gnoll sergeant (D:7)
  A wyvern zombie (D:14)
  A wyvern skeleton (D:12)
  A scorpion (D:8)
  3 killer bees (D:12)
  A howler monkey (D:7)
  3 crimson imps
  A bullfrog zombie (D:12)
  4 centaur skeletons
  2 centaur zombies
  2 hounds
  4 jellies
  15 orc priests
  30 orc wizards
  2 bullfrog skeletons (D:12)
  5 iguanas
  3 worker ants
  A hound zombie (D:7)
  3 gnolls (D:5)
  34 river rats
  7 adders
  2 shadow imps
  An ooze (D:3)
  An adder zombie (D:2)
  An adder skeleton (D:3)
  3 worms
  2 dart slugs
  5 leopard geckos
  74 orcs
  A bat zombie (D:2)
  3 giant cockroaches
  3 hobgoblins (D:3)
  5 jackals
  10 kobolds
  3 quokkas
  A ball python (D:6)
  A ball python zombie (D:2)
  A bat (D:1)
  9 frilled lizards
  A giant cockroach zombie (D:2)
  2 goblins
  A leopard gecko skeleton (D:5)
  A quokka skeleton (D:7)
  A quokka zombie (D:2)
  8 rats
  6 fungi (Lair:2)
  A plant (Lair:6)
441 creatures vanquished.

Vanquished Creatures (collateral kills)
  2 elephants (Lair:6)
  A crocodile (Lair:6)
3 creatures vanquished.

Vanquished Creatures (others)
  An orc wizard (Orc:2)
  2 river rats (Lair:2)
  4 fungi (Lair:6)
  6 plants (Lair:6)
13 creatures vanquished.

Grand Total: 457 creatures vanquished

Notes
Turn   | Place    | Note
-------+----------+-------------------------------------------
     0 | D:1      | 4thArraOfDagon the Troll Wanderer began the quest for the Orb.
     0 | D:1      | 4thArraOfDagon set off with: a +2 spear, a scroll of teleportation, the Compendium of Earth, a +0 robe, 2 bread rations
     0 | D:1      | Reached XP level 1. HP: 19/19 MP: 1/1
   102 | D:1      | Reached skill level 1 in Unarmed Combat
   129 | D:2      | Reached skill level 2 in Unarmed Combat
   129 | D:2      | Reached XP level 2. HP: 25/27 MP: 2/2
   184 | D:2      | Reached XP level 3. HP: 27/33 MP: 3/3
   226 | D:2      | Reached skill level 3 in Unarmed Combat
   370 | D:4      | Reached XP level 4. HP: 19/41 MP: 4/4
   420 | D:4      | Noticed an ogre
   431 | D:4      | Killed an ogre
   431 | D:4      | Reached skill level 5 in Unarmed Combat
   431 | D:4      | Reached XP level 5. HP: 48/48 MP: 5/5
   586 | D:4      | Noticed an ice beast
   611 | D:4      | Killed an ice beast
   611 | D:4      | Reached skill level 6 in Unarmed Combat
   611 | D:4      | Reached XP level 6. HP: 46/55 MP: 6/6
   766 | D:5      | Entered Level 5 of the Dungeon
   877 | D:6      | Reached skill level 7 in Unarmed Combat
   897 | D:6      | Reached XP level 7. HP: 61/62 MP: 7/7
  1025 | D:7      | Reached skill level 8 in Unarmed Combat
  1100 | D:7      | Reached skill level 9 in Unarmed Combat
  1156 | D:7      | Reached XP level 8. HP: 61/70 MP: 8/8
  1220 | D:7      | Noticed a hippogriff
  1301 | D:7      | Killed a hippogriff
  1301 | D:7      | Reached skill level 10 in Unarmed Combat
  1428 | D:7      | Found a sand-covered staircase.
  1434 | Ossuary  | Entered an ossuary
  1621 | D:5      | Found a staircase to the Ecumenical Temple.
  1633 | Temple   | Entered the Ecumenical Temple
  1666 | Temple   | MEH
  1668 | Temple   | pedritolo: No spectators? What's this nonsense? :)
  1668 | Temple   | Became a worshipper of Qazlal Stormbringer
  1767 | D:4      | Found a blossoming altar of Fedhas.
  1867 | D:3      | 4thArraOfDagon: o hi
  1867 | D:3      | pedritolo: sup
  1867 | D:3      | 4thArraOfDagon: yeah well thank god!
  1867 | D:3      | 4thArraOfDagon: im having lags while those spects join/rejoin
  1867 | D:3      | 4thArraOfDagon: everytime!
  1969 | D:3      | Reached skill level 11 in Unarmed Combat
  2132 | D:5      | Reached * piety under Qazlal
  2314 | D:8      | Reached XP level 9. HP: 71/79 MP: 9/9
  2429 | D:8      | Reached skill level 1 in Invocations
  2519 | D:8      | Reached skill level 1 in Dodging
  2576 | D:8      | Found an opulent altar of Gozag.
  2577 | D:8      | Found a glowing silver altar of Zin.
  2601 | D:9      | Found Exuomo's General Store.
  2636 | D:8      | Found a hazy altar of Hepliaklqana.
  2662 | D:9      | Reached ** piety under Qazlal
  2676 | D:9      | Found Cehac's Armour Boutique.
  2678 | D:9      | Found a staircase to the Orcish Mines.
  2797 | D:9      | Found Buowuit's Antique Armour Shoppe.
  2817 | D:9      | Bought an embroidered robe for 18 gold pieces
  2836 | D:9      | Found Lomufepi's Armour Boutique.
  2959 | D:9      | Found Pag Hut's Assorted Antiques.
  2967 | D:9      | Bought a scroll labeled XUIRUIMI TETRU for 22 gold pieces
  2967 | D:9      | Bought a scroll labeled ZIURUZAOLU for 22 gold pieces
  2967 | D:9      | Bought a sharpened brass wand for 88 gold pieces
  3051 | D:9      | Found Puguseu's Assorted Antiques.
  3058 | D:9      | Bought a scroll labeled AWUBUL OSTRERE for 23 gold pieces
  3058 | D:9      | Bought a fizzy golden potion for 20 gold pieces
  3058 | D:9      | Bought 3 scrolls labeled SUMUFUFIFE for 69 gold pieces
  3109 | Orc:1    | Entered Level 1 of the Orcish Mines
  3109 | Orc:1    | Noticed an orc knight
  3123 | D:10     | Entered Level 10 of the Dungeon
  3123 | D:10     | Found an ancient bone altar of Kikubaaqudgha.
  3174 | D:11     | Reached skill level 12 in Unarmed Combat
  3236 | D:10     | Identified the Compendium of Earth
  3238 | D:10     | Learned a level 1 spell: Apportation
  3243 | D:10     | Noticed zkyp's ghost (journeyman OpFi)
  3300 | D:11     | Found a staircase to the Lair.
  3395 | D:11     | Noticed a hill giant
  3417 | D:11     | Killed a hill giant
  3417 | D:11     | Reached XP level 10. HP: 81/91 MP: 11/11
  3460 | D:11     | Noticed a cyclops
  3479 | D:11     | Killed a cyclops
  3590 | D:11     | Reached *** piety under Qazlal
  3606 | D:11     | Noticed a hill giant
  3617 | D:11     | jacquesderrida: dagans
  3643 | D:11     | Killed a hill giant
  3697 | D:11     | Killed an unseen horror
  3697 | D:11     | Reached skill level 13 in Unarmed Combat
  3808 | D:10     | Noticed a hill giant
  3821 | D:10     | Killed a hill giant
  4005 | D:11     | Learned a level 2 spell: Passwall
  4010 | D:11     | Learned a level 4 spell: Passage of Golubria
  4058 | D:12     | Noticed a purple ugly thing
  4075 | D:12     | Killed a purple ugly thing
  4075 | D:12     | Reached skill level 5 in Fighting
  4075 | D:12     | Reached XP level 11. HP: 93/102 MP: 13/13
  4123 | D:12     | Gained mutation: You have large cloven feet. [mutagenic meat]
  4148 | D:12     | Reached skill level 5 in Invocations
  4153 | D:12     | Gained mutation: You are clumsy. (Dex -2) [mutagenic meat]
  4175 | D:12     | 4thArraOfDagon: welcome
  4309 | D:13     | Gained mutation: You are weak. (Str -2) [mutagenic meat]
  4312 | D:13     | Gained mutation: You are resistant to hostile enchantments. (MR+) [mutagenic meat]
  4315 | D:13     | Gained mutation: You are dopey. (Int -2) [mutagenic meat]
  4318 | D:13     | Gained mutation: You have a pair of small horns on your head. [mutagenic meat]
  4501 | D:13     | jacquesderrida: Welcome to degan
  4515 | D:13     | Noticed a green ugly thing
  4524 | D:13     | Killed a green ugly thing
  4524 | D:13     | Reached skill level 5 in Dodging
  4552 | D:13     | Reached skill level 14 in Unarmed Combat
  4564 | D:13     | Lost mutation: You are dopey. (Int -2) [mutagenic meat]
  4567 | D:13     | Gained mutation: You are highly resistant to hostile enchantments. (MR++) [mutagenic meat]
  4570 | D:13     | Lost mutation: You are clumsy. (Dex -2) [mutagenic meat]
  4606 | D:13     | Killed an unseen horror
  4787 | D:13     | Reached **** piety under Qazlal
  5029 | D:12     | Reached ***** piety under Qazlal
  5242 | D:14     | Noticed a centaur warrior
  5388 | D:10     | Killed zkyp's ghost
  5440 | D:9      | Killed an orc knight
  5440 | D:9      | Reached XP level 12. HP: 84/115 MP: 15/15
  5555 | Orc:2    | Entered Level 2 of the Orcish Mines
  5593 | Orc:2    | Noticed an orc high priest
  5603 | Orc:1    | Killed an orc high priest
  5739 | Orc:2    | Noticed Josephine
  5753 | Orc:1    | Noticed Snorg
  5853 | Orc:1    | Found Ypleir Vistri's Book Shoppe.
  5902 | Orc:2    | Found a staircase to the Elven Halls.
  5905 | Orc:2    | timbw: qazlal
  5907 | Orc:2    | timbw: why so much noise
  5913 | Orc:2    | timbw: u could have been fun
  5914 | Orc:2    | timbw: but no
  5916 | Orc:2    | timbw: instead
  5917 | Orc:2    | timbw: noise
  5961 | Orc:2    | jacquesderrida: F L A V O U R
  5963 | Orc:2    | Killed Josephine
  5963 | Orc:2    | Reached skill level 15 in Unarmed Combat
  5975 | Orc:2    | jacquesderrida: NATURE IS LOUDDDD
  6197 | Orc:2    | Found a roughly hewn altar of Beogh.
  6228 | Orc:2    | Found a roughly hewn altar of Beogh.
  6342 | Orc:1    | Bought a book of the Earth for 1040 gold pieces
  6349 | Orc:1    | Learned a level 6 spell: Statue Form
  6555 | Orc:2    | Noticed an ogre mage
  6575 | Orc:2    | Killed an ogre mage
  6575 | Orc:2    | Reached skill level 1 in Transmutations
  6575 | Orc:2    | Reached skill level 1 in Earth Magic
  6655 | Orc:2    | Found Faipnomp's Book Shoppe.
  6744 | Orc:2    | Found a radiant altar of Vehumet.
  6744 | Orc:2    | Noticed an ogre mage
  6760 | Orc:2    | Killed an ogre mage
  6872 | Orc:2    | Found an ancient bone altar of Kikubaaqudgha.
  6890 | Orc:2    | Found a roughly hewn altar of Beogh.
  6890 | Orc:2    | Found Nadigh's Distillery.
  6891 | Orc:2    | Found Isexzat's Gadget Shoppe.
  6906 | Orc:2    | Found Xefuwaat's Antique Weapon Emporium.
  6911 | Orc:2    | Bought a potion of resistance for 150 gold pieces
  7058 | Lair:1   | Entered Level 1 of the Lair of Beasts
  7099 | Lair:1   | Noticed Nergalle
  7112 | Lair:1   | Killed Nergalle
  7192 | Lair:2   | pedritolo: You're gathering a nice wardrobe there
  7220 | Lair:2   | Noticed khekkus's ghost (journeyman HECj)
  7233 | Lair:2   | Killed khekkus's ghost
  7233 | Lair:2   | Reached XP level 13. HP: 100/124 MP: 17/17
  7414 | Lair:2   | WHERE
  7508 | Lair:2   | Reached skill level 5 in Earth Magic
  7530 | Lair:2   | WHERe
  7595 | Lair:2   | Found a dark tunnel.
  7634 | Volcano  | Entered a volcano
  8032 | Lair:4   | Reached skill level 5 in Transmutations
  8038 | Lair:4   | Found a hole to the Spider Nest.
  8210 | Lair:3   | Found a staircase to the Shoals.
  8298 | Lair:6   | Entered Level 6 of the Lair of Beasts
  8324 | Lair:6   | jacquesderrida: weeeeeeeew
  8345 | Lair:6   | jacquesderrida: wowwwwwww
  8451 | Lair:6   | Slain by a blink frog

Vault maps used:
D:1:      arrival_zaba_pyramid, minmay_misc_feat_four_crosses,
          minmay_octomino_j4
D:2:      serial_undead, serial_undead_a, serial_undead_c, serial_undead_c,
          serial_undead_a, serial_undead_a, serial_undead_f,
          minmay_misc_feat_ornament
D:3:      first_bread, ecumenical_altar_2
D:4:      kennysheep_mini_moat
D:5:      interstate_on_off
D:6:      portal_sewer_entry_b
D:7:      gup_ossuary_entry_pyramid
D:8:      grunt_temple_overflow_gold_and_silver, basic_altar,
          blue_anna_alchemist
D:9:      orc_david_3, serial_shops, shop, nicolae_shop_crystal, shop,
          kennysheep_mini, shop
D:10:     basic_altar, hangedman_abyss_or_decor_stagger
D:11:     lair_0_dummy
D:12:     special_room
D:14:     erik_vaults_1, dk_noncrumbling_2
Temple:   dpeg_five_rooms_temple
Lair:1:   uniq_nergalle
Lair:2:   nicolae_volcano_entry_vermiform
Lair:3:   minmay_shoals_entry_beasts
Lair:4:   nicolae_spider_entry_tight_spaces, grunt_megastairs_5
Lair:5:   serial_bayou_shore_a
Lair:6:   grunt_lair_end_beastmaster, minmay_slime_entry_oklob_enclosed,
          lab_entry_generic, minmay_lair_drake_nest, lemuel_fruit_tree,
          grunt_megastairs_4, lemuel_fruit_fields
Orc:1:    serial_shops, nicolae_shop_stone, minmay_orc_treasury, uniq_snorg,
          uniq_gastronok
Orc:2:    kennysheep_orc_mage_school, basic_altar, kennysheep_orc_chapel,
          uniq_josephine
Ossuary:  ossuary_tomb_1
Volcano:  volcano_aerie

Skill      XL: |  1  2  3  4  5  6  7  8  9 10 11 12 13 |
---------------+----------------------------------------+-----
Unarmed Combat | 2 3 5 6 7 9 11 12 13 14 15 | 15.0
Invocations    | 3 4 6 7 |  7.1
Fighting       | 3 5 6 7 |  7.0
Dodging        | 2 4 5 6 |  6.2
Transmutations | 3 5 |  5.7
Earth Magic    | 4 6 |  6.9
Spellcasting   | 2 3 |  3.3
Polearms       | |  2.4
Throwing       | |  1.0
Necromancy     | |  1.0
Evocations     | |  1.0

Action                   |  1- 3 |  4- 6 |  7- 9 | 10-12 | 13-15 || total
-------------------------+-------+-------+-------+-------+-------++-------
Melee: Unarmed           |    90 |    70 |   309 |   668 |   188 ||  1325
       Spear             |    14 |       |       |       |       ||    14
       Punch             |       |       |    11 |    40 |    12 ||    63
       Kick              |       |       |       |   104 |    40 ||   144
       Headbutt          |       |       |       |    72 |    34 ||   106
       Giant spiked club |       |       |       |     1 |       ||     1
Throw: Throwing net      |       |       |       |     1 |       ||     1
Invok: Upheaval          |       |       |       |    12 |    13 ||    25
       Elemental Force   |       |       |       |       |     4 ||     4
Evoke: Wand              |       |       |     3 |    12 |     3 ||    18
  Use: Potion            |       |     2 |     2 |     7 |     8 ||    19
       Scroll            |       |     3 |     6 |     4 |    12 ||    25
 Stab: Sleeping          |       |       |     2 |       |       ||     2
       Invisible         |       |       |     1 |       |       ||     1
       Paralysed         |       |       |     2 |    11 |       ||    13
       Held in net/web   |       |       |       |     2 |       ||     2
  Eat: Chunk             |     6 |     7 |    20 |    48 |    10 ||    91
       Pizza             |       |       |     2 |       |       ||     2
Armor: Robe              |    38 |    22 |    74 |   132 |    53 ||   319
       Skin              |       |     1 |       |    13 |       ||    14
Dodge: Dodged            |    57 |    29 |   111 |   235 |    93 ||   525
       Deflected         |       |       |       |    10 |     5 ||    15
Block: Other             |       |       |    10 |   129 |    31 ||   170
